 Dungeon Crawl Stone Soup version 0.19.0-2-gae57169 (webtiles) character file.

925 Krapule the Skirmisher (level 7, 0/63 HPs)
             Began as a Minotaur Fighter on Nov 6, 2016.
             Slain by a sky beast (6 damage)
             ... on level 4 of the Dungeon.
             The game lasted 00:09:02 (3755 turns).

Krapule the Skirmisher (Minotaur Fighter)           Turns: 3755, Time: 00:09:05

Health: 0/63       AC: 10    Str: 21    XL:     7   Next: 84%
Magic:  6/6        EV:  9    Int:  7    God:
Gold:   187        SH: 10    Dex:  9    Spells: 0 memorised, 6 levels left

rFire  . . .     SeeInvis .     a - +0 flail
rCold  . . .     Gourm    .     b - +0 scale mail
rNeg   . . .     Faith    .     c - +0 shield
rPois  .         Spirit   .     (helmet restricted)
rElec  .         Reflect  .     E - +2 cloak
rCorr  .         Harm     .     (no gloves)
MR     .....                    (no boots)
Stlth  ..........               (no amulet)
                                (no ring)
                                (no ring)

@: no status effects
A: retaliatory headbutt, horns 2
a: no special abilities


You were on level 4 of the Dungeon.
You were hungry.

You visited 1 branch of the dungeon, and saw 5 of its levels.

You collected 187 gold pieces.

Inventory:

Hand Weapons
 a - a +0 flail (weapon)
Missiles
 y - 2 javelins of penetration (quivered)
Armour
 b - a +0 scale mail (worn)
 c - a +0 shield (worn)
 E - a +2 cloak (worn)
Jewellery
 r - an uncursed amulet of faith
Scrolls
 e - 2 scrolls of fog {unknown}
 j - a scroll of fear {unknown}
 k - 4 scrolls of remove curse {unknown}
 n - a scroll of magic mapping {unknown}
 o - 4 scrolls of identify {unknown}
 s - a scroll of blinking {unknown}
 t - a scroll of noise {unknown}
 u - 4 scrolls of amnesia {unknown}
 x - a scroll of enchant weapon {unknown}
 A - a scroll of teleportation {unknown}
Potions
 d - a potion of might
 g - 4 potions of curing {unknown}
 h - a potion of cancellation {unknown}
 i - 4 potions of heal wounds {unknown}
 l - a potion of flight {unknown}
 m - 3 potions of magic {unknown}
 p - a potion of ambrosia {unknown}
 q - 2 potions of lignification {unknown}
 v - a potion of invisibility {unknown}
 B - a potion of haste {unknown}
 D - a potion of brilliance {unknown}
 F - a potion of mutation {unknown}
Books
 C - a book of Cantrips

   Spells                             Type                      Level
   a - Confusing Touch                Hexes                        1
   b - Animate Skeleton               Necromancy                   1
   c - Summon Small Mammal            Summoning                    1
   d - Apportation                    Translocation                1
Comestibles
 f - 2 bread rations
 w - 2 meat rations
 z - 2 fruits


   Skills:
 + Level 6.0 Fighting
 - Level 5.0 Maces & Flails
 + Level 6.0 Armour
 + Level 4.2 Dodging
 + Level 6.0 Shields


You had 6 spell levels left.
You didn't know any spells.

Dungeon Overview and Level Annotations

Branches:
Dungeon (5/15)
 Temple: D:4-7

Altars:


Innate Abilities, Weirdness & Mutations

You reflexively headbutt those who attack you in melee.
You have a pair of horns on your head.


Message History

A sky beast appears from thin air!
Reactivating autopickup.
You barely miss the sky beast. Your headbutt misses the sky beast.
The sky beast is heavily wounded.
The sky beast closely misses you. You furiously retaliate!
You headbutt the sky beast, but do no damage.
You hit the sky beast.
The sky beast is severely wounded.
You block the sky beast's attack.
You closely miss the sky beast.
The sky beast is severely wounded.
The sky beast hits you but does no damage.
You hit the sky beast. Your headbutt misses the sky beast.
The sky beast is severely wounded.
The sky beast flickers out of sight!
Deactivating autopickup; reactivate with Ctrl-A.
You block something's attack. Something hits you.
* * * LOW HITPOINT WARNING * * *
Something shocks you.
You die...

...........##..............###...
............#..#...........##....
...............#...........#.....
...............#......[....#.....
...............##...............#
.............#..#...............#
.............##.##.............##
#.........#####..#........[...###
########### ##@#...........#...
##{..)#........#..)<
##.......#........... #######
###...####.......#..... ......#
##...### ####....##.....
......####...## ##.###..###.....
......##...### ##....##.####....
......#...## #......#...##....
........### ##................


There were no monsters in sight!

Vanquished Creatures
  The ghost of Raws the Slasher, an amateur DsBe of Trog (D:3)
  Sigmund (D:3)
  2 ogres (D:4)
  Natasha (thrice) (D:4)
  2 orc wizards
  4 worker ants
  9 adders
  4 worms
  A dart slug (D:2)
  A leopard gecko (D:1)
  5 orcs
  4 giant cockroaches
  9 goblins
  13 hobgoblins
  2 jackals (D:2)
  6 kobolds
  2 quokkas (D:2)
  13 bats
  4 frilled lizards
  9 rats
95 creatures vanquished.

Notes
Turn   | Place    | Note
-------+----------+-------------------------------------------
     0 | D:1      | Krapule the Minotaur Fighter began the quest for the Orb.
     0 | D:1      | Reached XP level 1. HP: 19/19 MP: 0/0
    37 | D:1      | Reached skill level 1 in Dodging
   154 | D:1      | Reached XP level 2. HP: 19/27 MP: 1/1
   871 | D:2      | Reached XP level 3. HP: 28/33 MP: 2/2
  1137 | D:2      | Reached XP level 4. HP: 17/40 MP: 3/3
  1731 | D:3      | Noticed Sigmund
  1745 | D:3      | Killed Sigmund
  1745 | D:3      | Reached XP level 5. HP: 14/47 MP: 4/4
  1745 | D:3      | Reached XP level 6. HP: 15/53 MP: 5/5
  1898 | D:3      | Noticed Raws's ghost (amateur DsBe)
  2134 | D:3      | Killed Raws's ghost
  2134 | D:3      | Reached skill level 5 in Fighting
  2134 | D:3      | Reached skill level 5 in Armour
  2134 | D:3      | Reached skill level 5 in Shields
  2912 | D:4      | Reached XP level 7. HP: 60/61 MP: 6/6
  3189 | D:4      | Noticed Natasha
  3199 | D:4      | Killed Natasha
  3275 | D:4      | Noticed Natasha
  3279 | D:4      | Killed Natasha
  3304 | D:4      | Reached skill level 5 in Maces & Flails
  3315 | D:4      | Noticed Natasha
  3336 | D:4      | Killed Natasha
  3683 | D:5      | Entered Level 5 of the Dungeon
  3755 | D:4      | Slain by a sky beast

Skill      XL: |  1  2  3  4  5  6  7 |
---------------+----------------------+-----
Dodging        | 1 2 3 4 |  4.2
Shields        | 4 5 6 |  6.0
Armour         | 4 5 6 |  6.0
Fighting       | 4 5 6 |  6.0
Maces & Flails | 3 4 5 |  5.0

Action                   |  1- 3 |  4- 6 |  7- 9 || total
-------------------------+-------+-------+-------++-------
Melee: Flail             |   130 |   132 |   115 ||   377
       Headbutt          |    14 |    21 |    12 ||    47
Throw: Javelin           |       |     5 |       ||     5
  Eat: Chunk             |     1 |     5 |     3 ||     9
Armor: Scale mail        |    69 |    36 |    50 ||   155
Dodge: Dodged            |    56 |    41 |    30 ||   127
Block: Shield            |    85 |    72 |    32 ||   189
